 Seeded DCSS version 0.32-a0-913-g739538afd8 (webtiles) character file.

Game seed: 17047034582663869622 (custom seed)

0 bronco the Firebug (level 1, 0/14 HPs)
             Began as a Mountain Dwarf Fire Elementalist on Apr 10, 2024.
             Slain by a jackal (1 damage)
             ... on level 1 of the Dungeon.
             The game lasted 00:00:24 (124 turns).

bronco the Firebug (MDFE)                            Turns: 124, Time: 00:00:25

Health: 0/14       AC:  2    Str: 10    XL:     1   Next: 8%
Magic:  1/3        EV: 10    Int: 15    God:
Gold:   12         SH:  0    Dex: 10    Spells: 2/3 levels left

rFire   . . .        (no weapon)
rCold   . . .        (no shield)
rNeg    . . .        a - +0 robe
rPois   .            (no helmet)
rElec   .            (no cloak)
rCorr   .            (no gloves)
SInv    .            (no boots)
Will    .....        (no amulet)
Stlth   ++           (no ring)
HPRegen 0.22/turn    (no ring)
MPRegen 0.08/turn

%: no passive effects
@: no status effects
A: runic magic, artefact enchanting
a: no special abilities


You were on level 1 of the Dungeon.
You visited 1 branch of the dungeon, and saw 1 of its levels.

You collected 12 gold pieces.

Inventory:

Armour
 a - a +0 robe (worn)
 c - a +0 kite shield
Potions
 b - a potion of magic
 d - a potion of ambrosia {unknown}


   Skills:
 - Level 1.3 Dodging
 - Level 1.4 Stealth
 - Level 1.7 Spellcasting
 - Level 0.8 Conjurations
 + Level 3.7 Fire Magic


You had 2 spell levels left.
You knew the following spells:

 Your Spells              Type           Power      Damage    Failure   Level
a - Foxfire               Conj/Fire      32%        2x1d5     9%          1

Your spell library contained the following spells:

 Spells                   Type           Power      Damage    Failure   Level
 Scorch                   Fire           24%        2d6       8%          2
 Inner Flame              Hex/Fire       6%         N/A       32%         3
 Volatile Blastmotes      Fire/Tloc      12%        2d11      32%         3
 Flame Wave               Conj/Fire      8%         2d5       65%         4


Dungeon Overview and Level Annotations

Branches:
Dungeon (1/15)

Altars:


Innate Abilities, Weirdness & Mutations

Your spellcasting is much less encumbered by armour.
You can use scrolls of enchantment on lesser artefacts.


Message History

You are very lightly contaminated with residual magic.
Nothing appears to happen.
You hit the hobgoblin but do no damage.
The hobgoblin is heavily wounded.
The hobgoblin closely misses you.
You hit the hobgoblin.
The hobgoblin is severely wounded.
The hobgoblin hits you.
You barely miss the hobgoblin.
The hobgoblin is severely wounded.
The hobgoblin misses you.
You hit the hobgoblin.
The hobgoblin is almost dead.
The jackal barks!
The hobgoblin closely misses you.
A jackal comes into view.
You closely miss the hobgoblin.
The hobgoblin is almost dead.
A ball python comes into view.
The hobgoblin barely misses you.
The ball python hisses angrily.
You hit the hobgoblin but do no damage.
The hobgoblin is almost dead.
The hobgoblin closely misses you.
Your magical contamination has completely faded away.
You completely miss the hobgoblin.
The hobgoblin is almost dead.
The jackal bites you. The hobgoblin hits you.
* * * LOW HITPOINT WARNING * * *
You hit the hobgoblin but do no damage.
The hobgoblin is almost dead.
The jackal bites you but does no damage.
The hobgoblin completely misses you.
You closely miss the hobgoblin.
You punch the hobgoblin, but do no damage.
The hobgoblin is almost dead.
The hobgoblin hits you.
* * * LOW HITPOINT WARNING * * *
The jackal closely misses you. The jackal bites you.
You die...

#.... #... #...
##.. ...
######### #S#
#<....... #h##
#.##########@h#
#.#....†...##g#
#.#.>.#######.#
#.#........##.#
#.#.#.####.##.#
#.#.#.#....##.#
#.#.#.#.#.###.#
#.#.#.#....'..#
#...#...#..'..#


You could see 2 jackals, a hobgoblin and a ball python.

Vanquished Creatures
  A rat (D:1)
1 creature vanquished.

Vanquished Creatures (others)
  6 foxfires (D:1)
6 creatures vanquished.

Grand Total: 7 creatures vanquished

Notes
Turn   | Place    | Note
-------+----------+-------------------------------------------
     0 | D:1      | bronco the Mountain Dwarf Fire Elementalist began the quest
                  | for the Orb.
     0 | D:1      | Reached XP level 1. HP: 14/14 MP: 3/3
   124 | D:1      | Slain by a jackal

Illustrated notes

Levels and vault maps discovered:
D:1:      hellmonk_arrival_library, layout_basic,
          shapermc_ecumenical_altar_totnotflames

Action                     || total
---------------------------++-------
  Melee: Unarmed           ||    11
         Punch             ||     1
   Cast: Foxfire           ||     6
 Armour: Robe              ||    12
  Dodge: Dodged            ||     9

Table legend: (Time is in decaauts)
 A = Elapsed time spent in this place.
 B = Non-inter-level travel time spent in this place.
 C = Inter-level travel time spent in this place.
 D = Time resting spent in this place.
 E = Time spent auto-exploring this place.
 F = Levels seen in this place.
 G = Mean time per level.
                   A        B        C        D        E       F      G
               +--------+--------+--------+--------+--------+-----+--------+
         Total |    124 |    124 |      0 |      0 |     77 |   1 |  124.0 |
       Dungeon |    124 |    124 |      0 |      0 |     77 |   1 |  124.0 |
               +--------+--------+--------+--------+--------+-----+--------+

Top non-repeatable levels by time:
     D:1: 124 daAuts
